 Dungeon Crawl Stone Soup version 0.29-a0-352-g0917bc69df (webtiles) character file.

Game seed: 16740445111615072016

805 kevlar127 the Ruffian (level 7, 0/72 HPs)
             Began as a Troll Berserker on Apr 24, 2022.
             Was an Elder of Trog.
             Shot with an arrow by a centaur (15 damage)
             ... on level 5 of the Dungeon.
             The game lasted 00:15:09 (3709 turns).

kevlar127 the Ruffian (Troll Berserker)             Turns: 3709, Time: 00:15:10

Health: 0/72       AC:  5    Str: 28    XL:     7   Next: 60%
Magic:  6/6        EV: 14    Int:  3    God:    Trog [****..]
Gold:   327        SH:  0    Dex:  9    Spells: 6/6 levels left

rFire   . . .      SeeInvis .     - Unarmed
rCold   . . .      Faith    +   (no shield)
rNeg    . . .      Spirit   .   a - +0 animal skin
rPois   +          Reflect  .   (helmet restricted)
rElec   .          Harm     .   z - +0 cloak
rCorr   .          Rampage  .   (gloves unavailable)
Will    +++..                   (boots unavailable)
Stlth   +.........              c - amulet of faith
HPRegen 2.02/turn               b - +4 ring of evasion
MPRegen 0.10/turn               w - ring "Duetui Zenar" {rPois Will+}

@: strong-willed, regenerating
A: large, unfitting armour, claws 3, regeneration 1, shaggy fur 1, tough skin 1
a: Renounce Religion, Berserk, Trog's Hand, Brothers in Arms


You were on level 5 of the Dungeon.
You worshipped Trog.
Trog was greatly pleased with you.
You visited 1 branch of the dungeon, and saw 5 of its levels.

You collected 327 gold pieces.

Inventory:

Hand Weapons
 v - a +0 giant spiked club
Missiles
 g - 98 stones
 l - 18 poisoned darts
 G - a boomerang (quivered)
Armour
 a - a +0 animal skin (worn)
 z - a +0 cloak (worn)
Jewellery
 b - a +4 ring of evasion (left claw)
 c - an amulet of faith (around neck)
 p - a ring of positive energy
 w - the ring "Duetui Zenar" (right claw) {rPois Will+}
   (You found it on level 3 of the Dungeon)

   [ring of willpower]

   rPois:     It protects you from poison.
   Will:      It increases your willpower.
 F - a ring of ice
Scrolls
 f - 10 scrolls of identify {unknown}
 i - 2 scrolls of vulnerability {unknown}
 k - a scroll of fog {unknown}
 m - a scroll of torment {unknown}
 n - 3 scrolls of teleportation {unknown}
 s - 2 scrolls of immolation {unknown}
 u - a scroll of blinking {unknown}
 y - a scroll of summoning {unknown}
 B - a scroll of holy word {unknown}
 D - a scroll of noise {unknown}
 E - a scroll of fear {unknown}
Potions
 d - a potion of magic {unknown}
 e - 2 potions of mutation {unknown}
 h - 5 potions of curing {unknown}
 j - a potion of might {unknown}
 o - a potion of haste {unknown}
 q - 2 potions of berserk rage {unknown}
 r - a potion of cancellation {unknown}
 t - 2 potions of flight {unknown}
 x - 2 potions of heal wounds {unknown}
 A - a potion of lignification {unknown}
 C - a potion of attraction {unknown}


   Skills:
 + Level 5.0 Fighting
 + Level 3.4 Throwing
 - Level 2.4 Dodging
 + Level 6.1 Unarmed Combat


You had 6 spell levels left.
You didn't know any spells.
Your spell library was empty.

Dungeon Overview and Level Annotations

Branches:
Dungeon (5/15)
 Temple: D:4-7

Altars:
Zin

Shops:
D:3 (

Annotations:
D:5 Dowan, Duvessa


Innate Abilities, Weirdness & Mutations

You are too large for most types of armour.
You have claws for hands.
Your natural rate of healing is unusually fast.
You are covered in fur. (AC +1)
You have tough skin. (AC +1)


Message History

The centaur shouts!
You hear a shout!
The centaur wields a +0 shortbow.
The centaur shoots an arrow.
The arrow hits you!
You hear a shout!
A centaur is nearby!
A centaur is nearby!
A centaur is nearby!
A centaur is nearby!
A centaur is nearby!
The centaur shoots an arrow.
The arrow hits you!
The centaur shoots an arrow.
The arrow hits you!
You hear a shout!
The centaur shoots an arrow.
The arrow completely misses you.
The centaur shoots an arrow.
The arrow misses you.
Dowan, Brother of Duvessa comes into view.
He is wielding a +0 dagger.
Duvessa, Sister of Dowan comes into view.
She is wielding a +2 rapier of venom and wearing a +0 scale mail of cold resistance.
The centaur shoots an arrow.
The arrow hits you.
Duvessa hits you with a +2 rapier of venom.
The centaur unwields a +0 shortbow.
The centaur hits you.
The centaur kicks you but does no damage.
You are too injured to fight recklessly!
You are too injured to fight recklessly!
You are too injured to fight recklessly!
You are too injured to fight recklessly!
The centaur wields a +0 shortbow.
The centaur shoots an arrow.
The arrow hits you.
Duvessa gestures with her weapon.
Your skin crawls.
You feel strong-willed.
Duvessa hits you with a +2 rapier of venom!
* * * LOW HITPOINT WARNING * * *
Duvessa attacks as you move away!
Duvessa hits you with a +2 rapier of venom!
* * * LOW HITPOINT WARNING * * *
Dowan says, "My weaknesses are her strengths!"
Duvessa attacks as you move away!
Duvessa hits you with a +2 rapier of venom!
* * * LOW HITPOINT WARNING * * *
The centaur shoots an arrow.
The arrow hits you!
You die...

##.........##
#.........##
#........##
#......###
#.....## #.....#
#.....# ####
#.....##...
#...####.e@.......
#..c.##..........
#...#.ec.####.....
#....###..# #....
#..... #..# ....
#..... #..# ...
#...... #..# #
#...... #...
#....## ....#


You could see Duvessa, Dowan and a centaur.

Vanquished Creatures
  A black bear (D:5)
  An ice beast (D:3)
  An ogre (D:3)
  Blork the orc (D:5)
  A scorpion (D:2)
  A hound (D:5)
  Crazy Yiuf (D:3)
  3 orc priests
  An iguana (D:4)
  An orc wizard (D:5)
  10 adders
  A worm (D:2)
  3 dart slugs
  18 orcs
  5 bats
  3 endoplasms
  15 giant cockroaches
  5 goblins
  5 hobgoblins
  12 jackals
  3 quokkas
  A ball python (D:4)
  A frilled lizard (D:3)
  5 kobolds
  3 rats
  7 bushes (D:1)
109 creatures vanquished.

Notes
Turn   | Place    | Note
-------+----------+-------------------------------------------
     0 | D:1      | kevlar127 the Troll Berserker began the quest for the Orb.
     0 | D:1      | Reached XP level 1. HP: 22/22 MP: 0/0
    90 | D:1      | Found a faded altar of an unknown god.
   378 | D:1      | Reached XP level 2. HP: 24/29 MP: 1/1
  1018 | D:2      | Noticed a scorpion
  1023 | D:2      | Killed a scorpion
  1024 | D:2      | Reached skill level 4 in Unarmed Combat
  1024 | D:2      | Reached XP level 3. HP: 35/37 MP: 2/2
  1024 | D:2      | Reached XP level 4. HP: 43/45 MP: 3/3
  1091 | D:2      | Found a glowing silver altar of Zin.
  1259 | D:2      | Reached ** piety under Trog
  1687 | D:3      | Found a runed translucent door.
  1688 | D:3      | Noticed Crazy Yiuf
  1853 | D:3      | Found Hocweqim's Weapon Boutique.
  2026 | D:3      | Noticed an ogre
  2036 | D:3      | Reached XP level 5. HP: 50/54 MP: 4/4
  2039 | D:3      | Killed an ogre
  2040 | D:3      | Reached skill level 1 in Throwing
  2307 | D:3      | Noticed an ice beast
  2309 | D:3      | Reached skill level 5 in Unarmed Combat
  2316 | D:3      | Killed an ice beast
  2316 | D:3      | Reached *** piety under Trog
  2317 | D:3      | Reached XP level 6. HP: 36/62 MP: 5/5
  2362 | D:3      | Identified the ring "Duetui Zenar" {rPois Will+}
  2609 | D:3      | Killed Crazy Yiuf
  2774 | D:4      | Found a glowing silver altar of Zin.
  3268 | D:5      | Entered Level 5 of the Dungeon
  3300 | D:5      | Reached XP level 7. HP: 57/71 MP: 6/6
  3376 | D:5      | Reached **** piety under Trog
  3395 | D:5      | HP: 5/106 [black bear (1)]
  3539 | D:5      | Reached skill level 6 in Unarmed Combat
  3605 | D:5      | Noticed Blork the orc
  3612 | D:5      | Killed Blork the orc
  3613 | D:5      | Reached skill level 5 in Fighting
  3701 | D:5      | Noticed Dowan
  3701 | D:5      | Noticed Duvessa
  3709 | D:5      | Shot with an arrow by a centaur

Illustrated notes

Levels and vault maps discovered:
D:1:      dpeg_arrival_solitude, layout_rooms,
          hellmonk_ecumenical_altar_crossroads, minmay_hedge_maze,
          minmay_misc_feat_encased
D:2:      layout_loops_ring, basic_altar, hangedman_decor_points,
          minmay_misc_feat_enclosed
D:3:      minmay_roachtagon, layout_loops_ring, serial_shops, shop,
          uniq_crazy_yiuf_cottage
D:4:      layout_loops_cross, zin_treasury, minmay_misc_feat_secret_circle
D:5:      layout_cave_pods, kennysheep_mini_moat, saegor_snake_ambush,
          uniq_duvessa, uniq_blork_the_orc

Skill      XL: |  1  2  3  4  5  6  7 |
---------------+----------------------+-----
Fighting       | 3 4 5 |  5.0
Unarmed Combat | 4 5 6 |  6.1
Throwing       | 2 3 |  3.4
Dodging        | |  2.4

Action                   |  1- 3 |  4- 6 |  7- 9 || total
-------------------------+-------+-------+-------++-------
Melee: Unarmed           |   334 |   161 |    52 ||   547
       Punch             |    12 |     3 |     1 ||    16
Throw: Boomerang         |       |       |     1 ||     1
Invok: Trog's Hand       |       |     1 |     2 ||     3
       Berserk           |       |       |     1 ||     1
 Stab: Sleeping          |       |     2 |       ||     2
Armor: Animal skin       |    21 |    37 |    17 ||    75
Dodge: Dodged            |    30 |   102 |    50 ||   182

Table legend: (Time is in decaauts)
 A = Elapsed time spent in this place.
 B = Non-inter-level travel time spent in this place.
 C = Inter-level travel time spent in this place.
 D = Time resting spent in this place.
 E = Time spent auto-exploring this place.
 F = Levels seen in this place.
 G = Mean time per level.
                   A        B        C        D        E       F      G
               +--------+--------+--------+--------+--------+-----+--------+
         Total |   3681 |   3503 |    178 |    266 |   2282 |   5 |  736.2 |
       Dungeon |   3681 |   3503 |    178 |    266 |   2282 |   5 |  736.2 |
               +--------+--------+--------+--------+--------+-----+--------+

Top non-repeatable levels by time:
     D:3: 1045 daAuts
     D:1: 957 daAuts
     D:2: 644 daAuts
     D:4: 586 daAuts
     D:5: 446 daAuts
